 Dungeon Crawl Stone Soup version 0.30-a0-728-gc68057be0a (webtiles) character file.

Game seed: 15885178816538599565

85 demibob the Chopper (level 4, 39/39 HPs)
             Began as a Hill Orc Fighter on Jan 31, 2023.
             Was a High Priest of Ignis.
             Quit the game on level 2 of the Dungeon.
             The game lasted 00:01:39 (1078 turns).

demibob the Chopper (Hill Orc Fighter)              Turns: 1078, Time: 00:01:39

Health: 39/39      AC:  6    Str: 20    XL:     4   Next: 48%
Magic:  4/4        EV:  9    Int:  8    God:    Ignis [*****.]
Gold:   64         SH:  5    Dex: 10    Spells: 3/3 levels left

rFire   + . .      SeeInvis .    a - +0 war axe
rCold   . . .      Faith    .    (no shield)
rNeg    . . .      Spirit   .    b - +0 scale mail
rPois   .          Reflect  +    (no helmet)
rElec   .          Harm     .    (no cloak)
rCorr   .          Rampage  .    (no gloves)
Will    .....                    (no boots) Stlth
                                 e - amulet of reflection
HPRegen 0.26/turn                (no ring)
MPRegen 0.09/turn                (no ring)

@: no status effects
A: no striking features
a: Renounce Religion, Fiery Armour, Foxfire Swarm, Rising Flame


You were on level 2 of the Dungeon.
You worshipped Ignis.
Ignis was extremely pleased with you.
You visited 1 branch of the dungeon, and saw 2 of its levels.

You collected 64 gold pieces.


   Skills:
 - Level 3.6 Fighting
 + Level 6.1 Axes
 - Level 3.2 Armour
 - Level 3.2 Shields


You had 3 spell levels left.
You didn't know any spells.
Your spell library was empty.

Inventory:

Hand Weapons
 a - a +0 war axe (weapon)
Missiles
 f - 5 poisoned darts (quivered)
Armour
 b - a +0 scale mail (worn)
Jewellery
 e - an amulet of reflection (around neck)
Scrolls
 g - 2 scrolls of identify {@r1}
Potions
 c - a potion of berserk rage {unknown}
 d - a potion of might

Dungeon Overview and Level Annotations

Branches:
Dungeon (2/15)

Altars:
Ignis

#.# ##### #.# #...# #.#
### #...#####.#######
).# ................#
#.# #...#####.#####.#
#.# #...#####.#####.#
#.#
#...............######.#
####......#####.@......#
#......# #........#
#......## ########.#
####........ #.#
.....#.##### #.#
####.#.# #.. ...#.#.#
#.. ##.#.#.# #..# .#.#.#


There were no monsters in sight!


Message History

An endoplasm comes into view.
The endoplasm quivers.
An endoplasm is nearby!
The endoplasm barely misses you.
You hit the endoplasm.
The endoplasm is moderately wounded.
The endoplasm hits you.
You slash the endoplasm!
You kill the endoplasm!
No target in view!
No target in view!
No target in view!
No target in view!
No target in view!
No target in view!
No target in view!
No target in view!
No target in view!
No target in view!
No target in view!
Found a smoky cyan potion.
c - a smoky cyan potion
Found a faded altar of an unknown god.
There is a faded altar of an unknown god here.
Found a short sword.
There is a faded altar of an unknown god here.
This altar belongs to (a) Ashenzari, (b) Ignis or (c) Lugonu, but you can't tell which.
Press the corresponding letter to learn more about a god, or press enter to convert or escape to cancel.
Ignis accepts your prayer! Ignis welcomes you!
Are you sure you want to abandon this character and quit the game? (Confirm with "yes".)

Skill      XL: |  1  2  3 |
---------------+----------+-----
Axes           | 3 4 6 |  6.1
Fighting       | |  3.6
Armour         | |  3.2
Shields        | |  3.2

Action                     |  1- 3 |  4- 6 || total
---------------------------+-------+-------++-------
  Melee: War axe           |   102 |     5 ||   107
    Use: Scroll            |     3 |       ||     3
         Potion            |     1 |       ||     1
 Armour: Scale mail        |    52 |       ||    52
  Dodge: Dodged            |    54 |     2 ||    56
  Block: Other             |    16 |       ||    16
         Reflection        |     1 |       ||     1

Levels and vault maps discovered:
D:1:      dpeg_arrival_radiant, layout_loops_ring, minmay_split_cup_small
D:2:      layout_basic, basic_ecumenical_altar, chequers_serial_rivers_room_b,
          uniq_terence, uniq_natasha, uniq_jessica

Notes
Turn   | Place    | Note
-------+----------+-------------------------------------------
     0 | D:1      | demibob the Hill Orc Fighter began the quest for the Orb.
     0 | D:1      | Reached XP level 1. HP: 19/19 MP: 1/1
    46 | D:1      | Reached skill level 3 in Axes
    46 | D:1      | Reached XP level 2. HP: 20/26 MP: 2/2
    58 | D:1      | Reached skill level 4 in Axes
   137 | D:1      | Reached XP level 3. HP: 31/31 MP: 3/3
   231 | D:1      | Reached skill level 5 in Axes
   880 | D:2      | Noticed Jessica
   912 | D:2      | Killed Jessica
   913 | D:2      | Reached skill level 6 in Axes
   913 | D:2      | Reached XP level 4. HP: 15/39 MP: 4/4
  1058 | D:2      | Found a faded altar of an unknown god.
  1077 | D:2      | Prayed at the altar of an unknown god.
  1077 | D:2      | Became a worshipper of Ignis, the Dying Flame
  1078 | D:2      | Quit the game

Vanquished Creatures
  Jessica (D:2)
  2 gnolls (D:1)
  5 bats
  5 endoplasms
  A giant cockroach (D:1)
  3 goblins (D:1)
  2 hobgoblins
  2 jackals (D:1)
  7 ball pythons
  3 frilled lizards (D:1)
  5 kobolds
  4 rats (D:1)
40 creatures vanquished.

Table legend: (Time is in decaauts)
 A = Elapsed time spent in this place.
 B = Non-inter-level travel time spent in this place.
 C = Inter-level travel time spent in this place.
 D = Time resting spent in this place.
 E = Time spent auto-exploring this place.
 F = Levels seen in this place.
 G = Mean time per level.
                   A        B        C        D        E       F      G
               +--------+--------+--------+--------+--------+-----+--------+
         Total |   1105 |   1093 |     12 |      6 |    798 |   2 |  552.5 |
       Dungeon |   1105 |   1093 |     12 |      6 |    798 |   2 |  552.5 |
               +--------+--------+--------+--------+--------+-----+--------+

Top non-repeatable levels by time:
     D:1: 847 daAuts
     D:2: 257 daAuts

Table legend:
 A = Non-vault XP
 B = Vault XP
 C = Vault XP percentage of total XP
 D = Non-vault monster count
 E = Vault monster count
 F = Vault count percentage of total count
                 A         B        C        D         E       F
            +---------+---------+-------+---------+---------+-------
      Total |      82 |      40 |  32.8 |      36 |       4 |  10.0
            +---------+---------+-------+---------+---------+-------
        D:1 |      70 |       3 |   4.1 |      28 |       3 |   9.7
        D:2 |      12 |      37 |  75.5 |       8 |       1 |  11.1
            +---------+---------+-------+---------+---------+-------
